 Dungeon Crawl Stone Soup version 0.30-a0-358-g0d69a1922f (webtiles) character file.

Game seed: 2803599684330364448

1 zishaf the Grave Robber (level 1, 0/13 HPs)
             Began as a Human Necromancer on Nov 9, 2022.
             Frozen to death by an endoplasm (4 damage)
             ... on level 1 of the Dungeon.
             The game lasted 00:00:13 (26 turns).

zishaf the Grave Robber (Human Necromancer)           Turns: 26, Time: 00:00:13

Health: 0/13       AC:  2    Str:  8    XL:     1   Next: 22%
Magic:  0/3        EV: 12    Int: 15    God:
Gold:   0          SH:  0    Dex: 13    Spells: 3/4 levels left

rFire   . . .      SeeInvis .    (no weapon)
rCold   . . .      Faith    .    (no shield)
rNeg    . . .      Spirit   .    a - +0 robe
rPois   .          Reflect  .    (no helmet)
rElec   .          Harm     .    (no cloak)
rCorr   .          Rampage  .    (no gloves)
Will    .....                    (no boots)
Stlth   ++........               (no amulet)
HPRegen 0.22/turn                (no ring)
MPRegen 0.08/turn                (no ring)

@: no status effects
A: no striking features
a: no special abilities


You were on level 1 of the Dungeon.
You visited 1 branch of the dungeon, and saw 1 of its levels.

Inventory:

Armour
 a - a +0 robe (worn)
Potions
 b - a potion of magic


   Skills:
 + Level 0.2 Fighting
 - Level 2.0 Dodging
 - Level 2.0 Stealth
 - Level 2.0 Spellcasting
 + Level 4.0 Necromancy


You had 3 spell levels left.
You knew the following spells:

 Your Spells              Type           Power      Damage    Failure   Level
a - Necrotise             Necr           52%        1d6       4%          1

Your spell library contained the following spells:

 Spells                   Type           Power      Damage    Failure   Level
 Vampiric Draining        Necr           13%        2d6       13%         3
 Animate Dead             Necr           13%        N/A       38%         4
 Agony                    Necr           13%        N/A       75%         5


Dungeon Overview and Level Annotations

Branches:
Dungeon (1/15)

Altars:


Message History

Aim: a hobgoblin (moderately wounded, chance to affect: 83%)
The hobgoblin writhes in agony.
An endoplasm comes into view.
You closely miss the hobgoblin.
The hobgoblin is heavily wounded.
The hobgoblin barely misses you.
The endoplasm quivers.
You hit the hobgoblin but do no damage.
The hobgoblin is heavily wounded.
The hobgoblin barely misses you.
You barely miss the hobgoblin.
The hobgoblin is heavily wounded.
The hobgoblin hits you but does no damage.
You closely miss the hobgoblin.
The hobgoblin is heavily wounded.
The hobgoblin hits you.
Your magical contamination has completely faded away.
You hit the hobgoblin.
The hobgoblin is heavily wounded.
The hobgoblin hits you. The hobgoblin attacks as you move away!
The hobgoblin misses you. The hobgoblin attacks as you move away!
The hobgoblin barely misses you. The hobgoblin attacks as you move away!
The hobgoblin hits you.
There is a staircase leading out of the dungeon here.
Casting: Necrotise (safe; 4% risk of failure)
Confirm with . or Enter, or press ? or * to list all spells.
Aiming: Necrotise (safe; 4% risk of failure)
Press: ? - help, Shift-Dir - straight line, f/p - hobgoblin
Aim: a hobgoblin (heavily wounded, chance to affect: 83%)
The hobgoblin writhes in agony.
You kill the hobgoblin!
The dead are walking!
Unknown command.
The endoplasm jiggles.
The endoplasm hits you.
Your hobgoblin skeleton hits the endoplasm.
Your hobgoblin skeleton hits the endoplasm.
The endoplasm freezes you.
You are frozen.
You die...

#. #.....
####.##.#..
.........#
#.....##.##
#8###8##..#
#.........# #
#.....#........
#.
#..<..#...#####
#..#..Z@.#...#
#.....J..#...#
#.##8###8##.##
# #.. ..#..#
....... .#
##..##... ##..
.#.# ## .#.#
.#.#


You could see an endoplasm (ally target) and a friendly hobgoblin skeleton.

Vanquished Creatures
  A hobgoblin (D:1)
1 creature vanquished.

Notes
Turn   | Place    | Note
-------+----------+-------------------------------------------
     0 | D:1      | zishaf the Human Necromancer began the quest for the Orb.
     0 | D:1      | Reached XP level 1. HP: 13/13 MP: 3/3
    26 | D:1      | Frozen to death by an endoplasm

Illustrated notes

Levels and vault maps discovered:
D:1:      scummos_arrival_simple_crosswalls, layout_loops_ring,
          dilly_ecumenical_altar_fadedgnrine, supply_closet_lemuel

Action                   || total
-------------------------++-------
Melee: Unarmed           ||     5
 Cast: Necrotise         ||     3
Armor: Robe              ||     1
Dodge: Dodged            ||     4

Table legend: (Time is in decaauts)
 A = Elapsed time spent in this place.
 B = Non-inter-level travel time spent in this place.
 C = Inter-level travel time spent in this place.
 D = Time resting spent in this place.
 E = Time spent auto-exploring this place.
 F = Levels seen in this place.
 G = Mean time per level.
                   A        B        C        D        E       F      G
               +--------+--------+--------+--------+--------+-----+--------+
         Total |     26 |     26 |      0 |      0 |      3 |   1 |   26.0 |
       Dungeon |     26 |     26 |      0 |      0 |      3 |   1 |   26.0 |
               +--------+--------+--------+--------+--------+-----+--------+

Top non-repeatable levels by time:
     D:1: 26 daAuts
